 Dungeon Crawl Stone Soup version 0.29-a0-962-gc8bbfd0a37 (webtiles) character file.

Game seed: 3556946529838653560

114 quixfox the Digger (level 4, -6/24 HPs)
             Began as a Gargoyle Earth Elementalist on July 30, 2022.
             Mangled by an ice beast (12 damage)
             ... on level 3 of the Dungeon.
             The game lasted 00:06:07 (2843 turns).

quixfox the Digger (Gargoyle Earth Elementalist)    Turns: 2843, Time: 00:06:08

Health: -6/24      AC:  6    Str: 11    XL:     4   Next: 97%
Magic:  2/9        EV: 11    Int: 18    God:
Gold:   123        SH:  0    Dex: 10    Spells: 4/10 levels left

rFire   . . .      SeeInvis .   k - +0 mace
rCold   . . .      Faith    .   (no shield)
rNeg    + . .      Spirit   .   a - +1 robe
rPois   ∞          Reflect  .   (no helmet)
rElec   +          Harm     .   (no cloak)
rCorr   +          Rampage  .   (no gloves)
Will    .....                   (no boots)
Stlth   ++........              (no amulet)
HPRegen 0.08/turn               d - ring of resist corrosion
MPRegen 0.11/turn               (no ring)

@: no status effects
A: sickness immunity, AC +3, negative energy resistance 1, electricity
resistance, torment resistance 1, petrification resistance
a: no special abilities


You were on level 3 of the Dungeon.
You visited 1 branch of the dungeon, and saw 3 of its levels.

You collected 123 gold pieces.

Inventory:

Hand Weapons
 k - a +0 mace (weapon)
Missiles
 c - 6 poisoned darts
Armour
 a - a +1 robe (worn)
Jewellery
 d - a ring of resist corrosion (left hand)
Scrolls
 e - a scroll of enchant armour
 g - a scroll of teleportation {unknown}
 n - 2 scrolls of vulnerability {unknown}
Potions
 b - a potion of magic
 f - 2 potions of curing
 h - a potion of haste
 i - 2 potions of invisibility {unknown}
 j - a potion of flight {unknown}
 l - a potion of might {unknown}
 m - a potion of heal wounds {unknown}


   Skills:
 - Level 1.5 Dodging
 - Level 2.1 Stealth
 + Level 3.5 Spellcasting
 - Level 0.7 Transmutations
 + Level 5.3 Earth Magic


You had 4 spell levels left.
You knew the following spells:

 Your Spells              Type           Power      Damage    Failure   Level
a - Sandblast             Erth           44%        2d11      1%          1
b - Passwall              Tmut/Erth      11%        N/A       7%          2
c - Stone Arrow           Conj/Erth      24%        3d8       16%         3

Your spell library contained the following spells:

 Spells                   Type           Power      Damage    Failure   Level
 Apportation              Tloc           6%         N/A       16%         1
 Necrotise                Necr           12%        1d4       16%         1
 Summon Small Mammal      Summ           12%        N/A       16%         1
 Petrify                  Tmut/Erth      14%        N/A       41%         4
 Call Canine Familiar     Summ           3%         N/A       43%         3
 Summon Guardian Golem    Hex/Summ       3%         N/A       43%         3
 Cause Fear               Hex            1%         N/A       83%         4
 Dragon Form              Tmut           2%         N/A       100%        7
 Dragon's Call            Summ           1%         N/A       100%        9


Dungeon Overview and Level Annotations

Branches:
Dungeon (3/15)

Altars:

Shops:
D:3 (!

Annotations:
D:3 1 runed translucent door, Crazy Yiuf


Innate Abilities, Weirdness & Mutations

You are immune to sickness and miasma.
Your stone body is resilient. (AC +3)
You are immune to poison.
You resist negative energy. (rN+)
You are resistant to electric shocks. (rElec)
You are resistant to unholy torment.
You are immune to petrification.


Message History

The ice beast closely misses you.
Aiming: Sandblast (safe; 1% risk of failure)
Press: ? - help, Q - select action, (/) - cycle Shift-Dir - straight line, f/p - ice beast
Aim: an ice beast (moderately wounded, 83% to hit)
The blast of sand hits the ice beast.
The ice beast is heavily wounded.
The ice beast hits you. The ice beast freezes you! The ice beast misses you.
Aiming: Sandblast (safe; 1% risk of failure)
Press: ? - help, Q - select action, (/) - cycle Shift-Dir - straight line, f/p - ice beast
Aim: an ice beast (heavily wounded, 83% to hit)
The blast of sand hits the ice beast but does no damage.
The ice beast is heavily wounded.
The ice beast hits you but does no damage. x2
Aiming: Sandblast (safe; 1% risk of failure)
Press: ? - help, Q - select action, (/) - cycle Shift-Dir - straight line, f/p - ice beast
Aim: an ice beast (heavily wounded, 83% to hit)
The blast of sand hits the ice beast.
The ice beast is heavily wounded.
The ice beast barely misses you. The ice beast closely misses you.
Aiming: Sandblast (safe; 1% risk of failure)
Press: ? - help, Q - select action, (/) - cycle Shift-Dir - straight line, f/p - ice beast
Aim: an ice beast (heavily wounded, 83% to hit)
The blast of sand hits the ice beast but does no damage.
The ice beast is heavily wounded.
The ice beast barely misses you. The ice beast hits you.
The ice beast freezes you.
* * * LOW HITPOINT WARNING * * *
You feel better.
The ice beast hits you but does no damage.
Aiming: Sandblast (safe; 1% risk of failure)
Press: ? - help, Q - select action, (/) - cycle Shift-Dir - straight line, f/p - ice beast
Aim: an ice beast (heavily wounded, 83% to hit)
The blast of sand hits the ice beast!
The ice beast is almost dead.
The ice beast hits you but does no damage.
The ice beast hits you.
* * * LOW HITPOINT WARNING * * *
The ice beast freezes you!
Ouch! That really hurt!
You die...

♣♣≈P♣≈P≈≈♣≈♣≈#.........#
≈P≈≈≈≈≈≈≈≈≈P♣#.........#
≈≈P♣≈≈≈≈≈≈≈≈♣#.........#
≈≈≈≈≈≈≈≈≈≈P≈♣≈......>..#
≈≈≈≈≈≈≈≈≈≈♣≈♣♣........##
≈≈≈≈≈≈≈≈≈≈≈≈♣♣##+#'####
♣≈≈≈≈≈≈≈≈≈P≈♣≈.#....#
♣≈≈≈≈ ≈≈≈≈≈♣≈≈.###..#
≈≈≈≈≈≈≈P≈.Y@...#
≈≈≈≈≈≈≈♣≈###...#
≈≈≈≈PP≈♣≈##....#
≈≈≈≈≈≈≈≈≈##.#..# ♣
≈≈≈≈≈≈≈≈P♣.##....#
♣♣♣≈≈≈≈P≈≈≈≈♣..###.##
≈≈P≈≈≈≈≈≈P≈≈♣#. #.#
#♣≈≈≈P≈≈≈≈≈ . #.#
#≈≈P♣♣≈≈♣≈≈ #. #.#


You could see an ice beast.

Vanquished Creatures
  An orc priest (D:3)
  An adder (D:3)
  6 orcs (D:3)
  2 ball pythons
  5 endoplasms
  7 giant cockroaches
  4 hobgoblins
  6 jackals
  2 quokkas
  4 bats
  10 frilled lizards
  7 goblins
  A kobold (D:1)
  13 rats
69 creatures vanquished.

Vanquished Creatures (others)
  5 plants (D:2)
5 creatures vanquished.

Grand Total: 74 creatures vanquished

Notes
Turn   | Place    | Note
-------+----------+-------------------------------------------
     0 | D:1      | quixfox the Gargoyle Earth Elementalist began the quest for
                  | the Orb.
     0 | D:1      | Reached XP level 1. HP: 10/10 MP: 3/3
   118 | D:1      | Found a faded altar of an unknown god.
   172 | D:1      | Reached skill level 4 in Earth Magic
   172 | D:1      | Reached XP level 2. HP: 8/15 MP: 0/5
  1358 | D:2      | Reached XP level 3. HP: 19/19 MP: 3/6
  1362 | D:2      | Learned a level 2 spell: Passwall
  1366 | D:2      | Learned a level 3 spell: Stone Arrow
  2297 | D:3      | Found Xewy's Distillery.
  2306 | D:3      | Reached skill level 5 in Earth Magic
  2306 | D:3      | Reached XP level 4. HP: 24/24 MP: 5/8
  2573 | D:3      | Found a runed translucent door.
  2574 | D:3      | Noticed Crazy Yiuf
  2690 | D:3      | Found Feasmaqo's Weapon Boutique.
  2829 | D:3      | Noticed an ice beast
  2843 | D:3      | Mangled by an ice beast

Illustrated notes

Levels and vault maps discovered:
D:1:      dpeg_arrival_houses_and_road, layout_basic,
          hellmonk_ecumenical_altar_leap_of_faith
D:2:      layout_loops_cross, st_stairs_10, minmay_lizard_king
D:3:      layout_basic, serial_shops, shop_fountains, shop, serial_bayou_lake_a,
          uniq_grinder, uniq_crazy_yiuf_cottage

Skill      XL: |  1  2  3 |
---------------+----------+-----
Earth Magic    | 4 5 |  5.3
Spellcasting   | 3 |  3.5
Dodging        | |  1.5
Stealth        | |  2.1
Transmutations | |  0.7

Action                   |  1- 3 |  4- 6 || total
-------------------------+-------+-------++-------
Melee: Unarmed           |     4 |       ||     4
       Dagger            |     3 |       ||     3
       Mace              |     3 |     2 ||     5
Throw: Dart              |       |     5 ||     5
 Cast: Sandblast         |    59 |    34 ||    93
  Use: Scroll            |     8 |       ||     8
       Potion            |       |     1 ||     1
Armor: Robe              |     8 |    16 ||    24
Dodge: Dodged            |    14 |     8 ||    22

Table legend: (Time is in decaauts)
 A = Elapsed time spent in this place.
 B = Non-inter-level travel time spent in this place.
 C = Inter-level travel time spent in this place.
 D = Time resting spent in this place.
 E = Time spent auto-exploring this place.
 F = Levels seen in this place.
 G = Mean time per level.
                   A        B        C        D        E       F      G
               +--------+--------+--------+--------+--------+-----+--------+
         Total |   2945 |   2864 |     81 |    306 |   2104 |   3 |  981.7 |
       Dungeon |   2945 |   2864 |     81 |    306 |   2104 |   3 |  981.7 |
               +--------+--------+--------+--------+--------+-----+--------+

Top non-repeatable levels by time:
     D:1: 1259 daAuts
     D:2: 969 daAuts
     D:3: 717 daAuts
